 Dungeon Crawl Stone Soup version 0.30.2 (webtiles) character file.

Game seed: 10988412319709354442

231 porpoise the Digger (level 6, 0/32 HPs)
             Began as a Gargoyle Earth Elementalist on Feb 14, 2024.
             Slain by an orc priest
             ... wielding a +0 club
              (2 damage)
             ... on level 2 of the Dungeon.
             The game lasted 00:12:12 (2813 turns).

porpoise the Digger (Gargoyle Earth Elementalist)   Turns: 2813, Time: 00:12:12

Health: 0/32       AC:  8    Str: 11    XL:     6   Next: 4%
Magic:  0/10       EV: 11    Int: 18    God:
Gold:   160        SH:  0    Dex: 10    Spells: 7/11 levels left

rFire   . . .        a - +0 short sword
rCold   . . .        (no shield)
rNeg    + . .        e - +0 robe
rPois   ∞            d - +1 helmet
rElec   +            (no cloak)
rCorr   .            (no gloves)
SInv    .            (no boots)
Will    .....        (no amulet)
Stlth   ++           (no ring)
HPRegen 0.25/turn    (no ring)
MPRegen 0.12/turn

%: no passive effects
@: very slightly contaminated
A: sickness immunity, AC +4, negative energy resistance 1, electricity
resistance, torment resistance 1, petrification resistance
a: no special abilities


You were on level 2 of the Dungeon.
You visited 1 branch of the dungeon, and saw 4 of its levels.

You collected 160 gold pieces.

Inventory:

Hand Weapons
 a - a +0 short sword (weapon)
 b - a +0 sling
Armour
 d - a +1 helmet (worn)
 e - a +0 robe (worn)
Magical Staves
 h - a staff of fire
Scrolls
 c - 3 scrolls of amnesia
 g - a scroll of poison {unknown}
 i - a scroll of fear
 k - 2 scrolls of magic mapping
 n - a scroll of vulnerability
 p - 2 scrolls of blinking
 t - a scroll of torment {unknown}
Potions
 f - 2 potions of flight {unknown}
 j - a potion of might {unknown}
 l - a potion of magic
 m - 2 potions of curing {unknown}
 o - a potion of heal wounds {unknown}
 q - a potion of haste {unknown}
 r - a potion of brilliance {unknown}
 s - a potion of mutation {unknown}


   Skills:
 - Level 1.5 Dodging
 - Level 2.1 Stealth
 - Level 3.0 Spellcasting
 + Level 3.5 Conjurations
 - Level 0.7 Transmutations
 + Level 5.9 Earth Magic


You had 7 spell levels left.
You knew the following spells:

 Your Spells              Type           Power      Damage    Failure   Level
a - Sandblast             Erth           48%        2d12      1%          1
b - Stone Arrow           Conj/Erth      38%        3d9       7%          3

Your spell library contained the following spells:

 Spells                   Type           Power      Damage    Failure   Level
 Passwall                 Tmut/Erth      11%        N/A       6%          2
 Slow                     Hex            8%         N/A       16%         1
 Petrify                  Tmut/Erth      14%        N/A       38%         4
 Confusing Touch          Hex            2%         N/A       43%         3
 Gell's Gravitas          Tloc           2%         N/A       43%         3
 Teleport Other           Tloc           2%         N/A       43%         3
 Vampiric Draining        Necr           2%         2d6       43%         3
 Dispersal                Tloc           1%         N/A       100%        6


Dungeon Overview and Level Annotations

Branches:
Dungeon (4/15)
 Temple: D:4-7

Altars:
Fedhas

Shops:
D:2 :

Annotations:
D:3 Sigmund


Innate Abilities, Weirdness & Mutations

You are immune to sickness and miasma.
Your stone body is resilient. (AC +4)
You are immune to poison.
You resist negative energy. (rN+)
You are resistant to electric shocks. (rElec)
You are resistant to unholy torment.
You are immune to petrification.


Message History

The orc priest is lightly wounded.
The orc priest hits you but does no damage.
Casting: Sandblast (safe; 1% risk of failure)
Confirm with . or Enter, or press ? or * to list all spells.
Aiming: Sandblast (safe; 1% risk of failure)
Press: ? - help, Shift-Dir - straight line, f/p - orc priest
Aim: an orc priest, wielding a +0 club and wearing a +0 chain mail (lightly wounded, 87% to hit)
Okay, then.
Casting: Sandblast (safe; 1% risk of failure)
Confirm with . or Enter, or press ? or * to list all spells.
The spell is quite dangerous to miscast (7% risk of failure)!
Continue anyway?
Aiming: Stone Arrow (quite dangerous; 7% risk of failure)
Press: ? - help, Shift-Dir - straight line, f/p - orc priest
Aim: an orc priest, wielding a +0 club and wearing a +0 chain mail (lightly wounded, 77% to hit)
You miscast Stone Arrow.
You are very lightly contaminated with residual magic.
Nothing appears to happen.
The orc priest casts a cantrip, but nothing happens.
You hit the orc priest but do no damage.
The orc priest is lightly wounded.
The orc priest hits you with a +0 club.
* * * LOW HITPOINT WARNING * * *
You hit the orc priest.
The orc priest is lightly wounded.
The orc priest looks braver for a moment.
You hit the orc priest but do no damage.
The orc priest is lightly wounded.
The orc priest hits you but does no damage.
Casting: Stone Arrow (quite dangerous; 7% risk of failure)
Confirm with . or Enter, or press ? or * to list all spells.
Aiming: Sandblast (safe; 1% risk of failure)
Press: ? - help, Shift-Dir - straight line, f/p - orc priest
Aim: an orc priest, wielding a +0 club and wearing a +0 chain mail (lightly wounded, 87% to hit)
You miscast Sandblast.
Nothing appears to happen.
The orc priest barely misses you.
Unknown command.
You closely miss the orc priest.
The orc priest is lightly wounded.
The orc priest hits you with a +0 club.
You die...

## ##..#..# #........# .#
##....# #........# .# ###..##
####'##..# .# #...## ###.##..#
.# #....# ######...##..#
.###########..#.###......####..#
..............#..#..###### #..##
############.###.#.## #.... ####
#....@o.# #.### ...#
##################'### ...#
#...............# ...#
#...............# ...#
#.......†.......# ...#
#...............# ...#
#...............# ...#
#...............# ...#
#...............#


You could see an orc priest.

Vanquished Creatures
  A jelly (D:2)
  An orc priest (D:4)
  An orc wizard (D:4)
  8 adders
  2 worms (D:2)
  2 dart slugs (D:1)
  5 orcs
  5 endoplasms
  2 giant cockroaches
  4 goblins
  8 hobgoblins
  3 jackals (D:1)
  8 kobolds
  A quokka (D:3)
  4 ball pythons
  5 bats
  2 frilled lizards (D:3)
  5 rats
67 creatures vanquished.

Notes
Turn   | Place    | Note
-------+----------+-------------------------------------------
     0 | D:1      | porpoise the Gargoyle Earth Elementalist began the quest
                  | for the Orb.
     0 | D:1      | Reached XP level 1. HP: 10/10 MP: 3/3
   196 | D:1      | Reached skill level 4 in Earth Magic
   196 | D:1      | Reached XP level 2. HP: 15/15 MP: 1/5
   799 | D:1      | Reached XP level 3. HP: 19/19 MP: 5/7
  1171 | D:1      | Learned a level 3 spell: Stone Arrow
  1264 | D:2      | Reached skill level 1 in Conjurations
  1264 | D:2      | Reached XP level 4. HP: 24/24 MP: 5/8
  1434 | D:2      | Reached skill level 5 in Earth Magic
  1479 | D:2      | Found a blossoming altar of Fedhas.
  1790 | D:2      | Reached XP level 5. HP: 28/28 MP: 7/9
  1958 | D:2      | Found Joaxkeyl's Book Emporium.
  2572 | D:3      | Noticed Sigmund
  2715 | D:4      | Reached XP level 6. HP: 29/32 MP: 4/10
  2809 | D:2      | HP: 1/32 [orc priest/+0 club (3)]
  2813 | D:2      | Slain by an orc priest

Illustrated notes

Levels and vault maps discovered:
D:1:      tarquinn_simple_flora_water_b, layout_loops_corners
D:2:      layout_basic, basic_altar, serial_shops, nicolae_book_shop_shelving
D:3:      layout_rooms, nicolae_overflow_two_pavilions, uniq_sigmund
D:4:      layout_gridville, serial_glass, glass_columns_b, glass_columns_c,
          glass_columns_a, glass_columns_b, glass_columns_a, glass_columns_a,
          glass_columns_c, glass_columns_a, glass_columns_a, glass_columns_a

Skill      XL: |  1  2  3  4  5 |
---------------+----------------+-----
Earth Magic    | 4 5 |  5.9
Spellcasting   | 3 |  3.0
Conjurations   | 1 2 3 |  3.5
Dodging        | |  1.5
Stealth        | |  2.1
Transmutations | |  0.7

Action                     |  1- 3 |  4- 6 || total
---------------------------+-------+-------++-------
  Melee: Short sword       |       |    17 ||    17
         Punch             |       |     1 ||     1
   Fire: Sling             |       |    47 ||    47
   Cast: Sandblast         |    43 |    63 ||   106
    Use: Scroll            |       |     5 ||     5
 Armour: Robe              |     1 |    26 ||    27
  Dodge: Dodged            |     4 |    20 ||    24
